 Dungeon Crawl Stone Soup version 0.29.1-1-gd02db6906a (webtiles) character file.

Game seed: 10706535232542812155

900 mefromhere the Slasher (level 7, 0/61 HPs)
             Began as a Minotaur Fighter on Oct 10, 2022.
             Was a Believer of Vehumet.
             Slain by a lemure (1 damage)
             ... led by Pikel
             ... on level 5 of the Dungeon.
             The game lasted 00:21:10 (2648 turns).

mefromhere the Slasher (Minotaur Fighter)           Turns: 2648, Time: 00:21:10

Health: 0/61       AC: 14    Str: 27    XL:     7   Next: 79%
Magic:  6/6        EV:  7    Int:  5    God:    Vehumet [**....]
Gold:   141        SH:  5    Dex: 11    Spells: 6/6 levels left

rFire   . . .      SeeInvis .   a - +0 long sword (flame)
rCold   . . .      Faith    .   c - +0 buckler
rNeg    . . .      Spirit   .   q - +0 plate armour
rPois   .          Reflect  .   (helmet restricted)
rElec   .          Harm     .   (no cloak)
rCorr   .          Rampage  .   n - +0 pair of gloves
Will    .....                   (no boots)
Stlth   ..........              (no amulet)
HPRegen 0.20/turn               H - +6 ring of strength
MPRegen 0.10/turn               (no ring)

@: no status effects
A: horns 2, retaliatory headbutt
a: Renounce Religion


You were on level 5 of the Dungeon.
You worshipped Vehumet.
Vehumet was pleased with you.
You visited 2 branches of the dungeon, and saw 7 of its levels.
You also visited: Ossuary.

You collected 141 gold pieces.

Inventory:

Hand Weapons
 a - a +0 long sword of flaming (weapon)
 g - a +0 dagger
 h - a +0 mace
 i - a +0 sling
 k - a +0 short sword
 o - a +0 dagger
 r - a +0 hand axe
 s - a +0 dagger
 t - a +0 short sword
 v - a +0 dagger
 B - a +0 mace
 I - a +0 dagger
 J - a +0 rapier
 K - a +0 whip
 L - a +0 long sword
 O - a +0 mace
 Q - a +0 dagger
 S - a +0 morningstar
 T - a +0 short sword
 U - a +0 dagger
 X - a +0 falchion
 Y - a +0 long sword
 Z - a +0 giant club
Armour
 b - a +0 scale mail
 c - a +0 buckler (worn)
 m - a +0 ring mail
 n - a +0 pair of gloves (worn)
 q - a +0 plate armour (worn)
 w - the +2 robe of Intuition {Dex+4}
   (You found it on level 2 of the Dungeon)

   Dex:       It affects your dexterity (+4).
 P - a +0 chain mail
 V - a +0 leather armour
Jewellery
 H - a +6 ring of strength (left hand)
Wands
 y - a wand of charming (5)
 M - a wand of light (12)
 W - a wand of iceblast (1)
Scrolls
 e - 2 scrolls of brand weapon
 f - a scroll of magic mapping {unknown}
 j - 2 scrolls of blinking
 l - 2 scrolls of identify
 p - a scroll of acquirement {unknown}
 x - a scroll of fear {unknown}
 z - a scroll of torment {unknown}
 A - a scroll of immolation {unknown}
 C - a scroll of noise {unknown}
 D - a scroll of vulnerability {unknown}
 F - a scroll of teleportation {unknown}
 G - a scroll of enchant armour {unknown}
 N - a scroll of butterflies {unknown}
Potions
 d - 2 potions of curing
 u - a potion of lignification
 E - a potion of heal wounds {unknown}
 R - a potion of brilliance {unknown}


   Skills:
 + Level 5.4 Fighting
 + Level 7.6 Long Blades
 + Level 6.2 Armour
 + Level 1.1 Dodging
 + Level 5.3 Shields


You had 6 spell levels left.
You didn't know any spells.
Your spell library contained the following spells:

 Spells                   Type           Power      Damage    Failure   Level
 Static Discharge         Conj/Air       0%         3-3/arc   100%        2
 Freeze                   Ice            0%         1d3       100%        1
 Ensorcelled Hibernation  Hex/Ice        0%         N/A       100%        2
 Passwall                 Tmut/Erth      0%         N/A       100%        2
 Frozen Ramparts          Ice            0%         1d1       100%        3
 Ozocubu's Armour         Ice            0%         N/A       100%        3
 Spider Form              Tmut/Pois      0%         N/A       100%        3
 Swiftness                Air            0%         N/A       100%        3
 Anguish                  Hex/Necr       0%         N/A       100%        4
 Hailstorm                Conj/Ice       0%         3d3       100%        4
 Ozocubu's Refrigeration  Ice            0%         4d7       100%        7


Dungeon Overview and Level Annotations

Branches:
Dungeon (6/15)             Temple (1/1) D:4         Ossuary (visited)

Altars:
Ashenzari
Cheibriados
Dithmenos
Gozag
Hepliaklqana
Kikubaaqudgha
Makhleb
Nemelex Xobeh
Okawaru
Qazlal
Sif Muna
Trog
Vehumet
Wu Jian
Xom
Zin
The Shining One

Annotations:
D:5 Pikel


Innate Abilities, Weirdness & Mutations

You have a pair of horns on your head.
You reflexively headbutt those who attack you in melee.


Message History

Pikel hits you with a +1 whip of freezing.
Pikel freezes you. The lemure hits you. The lemure barely misses you.
You furiously retaliate!
You headbutt the lemure! You hit the lemure but do no damage.
The lemure hits you but does no damage. The lemure hits you.
Pikel zaps a wand.
The puff of flame hits you. The lemure hits you but does no damage.
The lemure barely misses you. You furiously retaliate!
You headbutt the lemure! You closely miss the lemure.
The lemure hits you but does no damage. The lemure closely misses you.
Pikel zaps a wand.
The puff of flame hits you. The lemure hits you but does no damage.
The lemure hits you.
You slash the lemure! You burn the lemure.
The lemure is heavily wounded.
The lemure completely misses you. The lemure barely misses you.
Pikel zaps a wand.
The puff of flame hits you but does no damage.
You block the lemure's attack. The lemure hits you.
You hit the lemure but do no damage. You headbutt the lemure!
The lemure is moderately wounded.
The lemure barely misses you. The lemure hits you.
The lemure hits you but does no damage.
Pikel hits you with a +1 whip of freezing.
Pikel freezes you. The lemure hits you.
* * * LOW HITPOINT WARNING * * *
You barely miss the lemure.
The lemure is moderately wounded.
The lemure hits you.
* * * LOW HITPOINT WARNING * * *
You block the lemure's attack. The lemure hits you but does no damage.
You block Pikel's attack. The lemure hits you.
* * * LOW HITPOINT WARNING * * *
The lemure barely misses you. The lemure hits you but does no damage.
Pikel hits you but does no damage. The lemure hits you but does no damage.
The lemure hits you.
* * * LOW HITPOINT WARNING * * *
You climb upwards.
There is a stone staircase leading down here.
You block the lemure's attack.
Pikel zaps a wand.
The puff of flame hits you but does no damage.
The lemure attacks as you move away! The lemure hits you.
You die...

# #≈.###.≈#....# ..
#≈..#..≈##.###
##.#######≈≈...≈≈##.#
........#≈≈≈.≈≈≈##†#
#. #....####'#####.#
#.##..<.......# ##.###
#.............###.....
###.5.............###.
#.###.K@........###.#
. #.....555.......#
#.###.
#######.........#
#...÷. #.........#
#..[.. ###########
#..... #..... ##...#
####.# #.....


You could see Pikel and 4 lemures.

Vanquished Creatures
  Grinder (D:3)
  A water moccasin (D:5)
  An ogre (D:5)
  A phantom (D:4)
  2 necrophages
  2 scorpions (D:4)
  An orc priest (D:4)
  Ijyb (D:4)
  A mummy (D:5)
  6 adders
  A shadow imp (D:5)
  An ufetubus (D:5)
  An adder zombie (Ossuary)
  A worm (D:2)
  A dart slug (D:2)
  8 orcs
  7 ball pythons
  3 endoplasms
  A giant cockroach (D:2)
  9 goblins
  5 hobgoblins
  2 quokkas
  3 bats
  3 frilled lizards (D:2)
  A hobgoblin zombie (D:5)
  7 kobolds
  2 kobold zombies
  A rat (D:1)
74 creatures vanquished.

Vanquished Creatures (others)
  2 fungi (D:3)
  3 plants (D:3)
5 creatures vanquished.

Grand Total: 79 creatures vanquished

Notes
Turn   | Place    | Note
-------+----------+-------------------------------------------
     0 | D:1      | mefromhere the Minotaur Fighter began the quest for the
                  | Orb.
     0 | D:1      | Reached XP level 1. HP: 19/19 MP: 0/0
   132 | D:1      | Reached XP level 2. HP: 27/27 MP: 1/1
   446 | D:2      | Identified the +2 robe of Intuition {Dex+4}
   452 | D:2      | Reached XP level 3. HP: 31/33 MP: 2/2
   508 | D:2      | Reached skill level 3 in Long Blades
  1140 | D:2      | Reached XP level 4. HP: 34/40 MP: 3/3
  1392 | D:3      | Found a faded altar of an unknown god.
  1396 | D:3      | Prayed at the altar of an unknown god.
  1396 | D:3      | Became a worshipper of Vehumet
  1396 | D:3      | Reached * piety under Vehumet
  1396 | D:3      | Offered knowledge of Shock by Vehumet.
  1447 | D:3      | Noticed Grinder
  1461 | D:3      | Paralysed by Grinder for 3 turns
  1465 | D:3      | Killed Grinder
  1466 | D:3      | Reached skill level 4 in Long Blades
  1466 | D:3      | Reached skill level 5 in Armour
  1466 | D:3      | Reached XP level 5. HP: 19/47 MP: 4/4
  1664 | D:4      | Found a staircase to the Ecumenical Temple.
  1673 | D:4      | Reached skill level 5 in Long Blades
  1673 | D:4      | Reached XP level 6. HP: 42/53 MP: 5/5
  1679 | Temple   | Entered the Ecumenical Temple
  1922 | D:4      | Reached skill level 1 in Dodging
  1922 | D:4      | Reached skill level 5 in Shields
  2025 | D:4      | Noticed Ijyb
  2032 | D:4      | Killed Ijyb
  2205 | D:4      | Reached skill level 6 in Long Blades
  2205 | D:4      | Reached XP level 7. HP: 57/60 MP: 6/6
  2233 | D:4      | Reached ** piety under Vehumet
  2347 | D:5      | Entered Level 5 of the Dungeon
  2376 | D:5      | Reached skill level 5 in Fighting
  2419 | D:5      | Reached skill level 7 in Long Blades
  2462 | D:5      | Offered knowledge of Static Discharge by Vehumet.
  2525 | D:5      | Found a sand-covered staircase.
  2536 | Ossuary  | Entered an ossuary
  2635 | D:6      | Noticed Pikel
  2645 | D:6      | HP: 1/61 [lemure[Pikel] (5)]
  2648 | D:5      | Slain by a lemure

Illustrated notes

Levels and vault maps discovered:
D:1:      minmay_arrival_diagonal_passages, layout_basic
D:2:      layout_loops_ring, minmay_tromino_v4_a
D:3:      layout_loops_ring, shapermc_ecumenical_altar_mp_urbaneastern,
          serial_shops, nicolae_shop_behind_doors, uniq_grinder
D:4:      layout_basic, minmay_temple_entry_proselytizer, st_stairs_9,
          minivault_4, fountainhead, uniq_ijyb, uniq_edmund
D:5:      layout_loops_cross, nicolae_ossuary_entry_giza,
          kennysheep_generic_room_8
D:6:      layout_loops_corners, uniq_sigmund, uniq_duvessa, uniq_pikel
Temple:   eino_temple_scatter_basement

Skill      XL: |  1  2  3  4  5  6  7 |
---------------+----------------------+-----
Shields        | 4 5 |  5.3
Fighting       | 4 5 |  5.4
Armour         | 4 5 6 |  6.2
Long Blades    | 3 4 5 6 7 |  7.6
Dodging        | 1 |  1.1

Action                   |  1- 3 |  4- 6 |  7- 9 || total
-------------------------+-------+-------+-------++-------
Melee: Long sword        |    82 |    78 |    74 ||   234
       Headbutt          |    11 |    11 |     7 ||    29
  Use: Scroll            |       |     4 |       ||     4
       Potion            |       |     2 |       ||     2
Armor: Scale mail        |     5 |       |       ||     5
       Plate armour      |    62 |    29 |    47 ||   138
Dodge: Dodged            |    23 |    26 |    32 ||    81
Block: Buckler           |    26 |    18 |    15 ||    59
